[Event "White Rook U14 Final 2019"]
[Site "Sochi"]
[Date "2019.06.10"]
[Round "9.34"]
[White "Da Rosa, Henrique Jaze Simoes"]
[Black "Sadekov, Maksim"]
[Result "0-1"]
[ECO "A10"]
[WhiteElo "1645"]
[BlackElo "1541"]
[Annotator "NA"]
[PlyCount "71"]
[EventDate "2019.06.02"]
[EventCountry "RUS"]
[SourceTitle "playchess.com"]
[Source "ChessBase"]
[SourceQuality "1"]
[TimeControl "5400+30"]

1. Nf3 b6 2. g3 Bb7 3. Bg2 e6 4. c4 f5 5. O-O Nf6 6. Nc3 Be7 7. Re1 O-O 8. d3 Bb4 9. Bd2 Bxc3 10. Bxc3 Qe7 11. Qd2 d6 12. Qg5 Nbd7 13. e4 fxe4 14. dxe4 e5 15. Nh4 Qf7 16. Nf5 Kh8 17. b3 Nc5 18. f3 g6 19. Nh6 Qg7 20. Ng4 Ne6 21. Qh4 Bc8 22. Nxf6 Rxf6 23. f4 g5 24. fxg5 Nxg5 25. Rf1 Rh6 26. Rf8+ Qxf8 27. Qxg5 Rg6 28. Qe3 Qh6 29. Qd3 Bh3 30. Bd2 Qh5 31. Bf3 Bg4 32. Bg2 Rf8 33. Rf1 Rgf6 34. Rxf6 Rxf6 35. Qd5 Be6 36. Qa8+ 0-1

[Event "White Rook U14 Final 2019"]
[Site "Sochi"]
[Date "2019.06.10"]
[Round "9.35"]
[White "Lazojev, Mark"]
[Black "Parreira, Teodora Ribeiro"]
[Result "0-1"]
[ECO "A25"]
[WhiteElo "1179"]
[BlackElo "1617"]
[Annotator "NA"]
[PlyCount "132"]
[EventDate "2019.06.02"]
[EventCountry "RUS"]
[SourceTitle "playchess.com"]
[Source "ChessBase"]
[SourceQuality "1"]
[TimeControl "5400+30"]

1. c4 g6 2. Nc3 Bg7 3. g3 e5 4. Bg2 d6 5. Rb1 f5 6. e3 Nf6 7. Nge2 O-O 8. O-O Nc6 9. b4 g5 10. a4 Qe8 11. f4 g4 12. Ba3 Qh5 13. Kf2 Qg6 14. Kg1 Ne7 15. Nb5 Ne8 16. Nbc3 h5 17. Nd5 Nxd5 18. Bxd5+ Kh7 19. Qc2 c6 20. Bg2 Qh6 21. Kf2 h4 22. Rh1 Kg6 23. Nc3 Rh8 24. Rbe1 Nf6 25. Qb1 Nh5 26. Ne2 exf4 27. Nxf4+ Nxf4 28. exf4 Bd4+ 29. Ke2 Re8+ 30. Kd1 Bd7 31. Kc2 h3 32. Bf1 Rxe1 33. Qxe1 Re8 34. Qd1 c5 35. Kb3 Bc6 36. Bd3 Bxh1 37. Qxh1 Qg7 38. Qd5 Qd7 39. bxc5 Qe6 40. Qxd4 dxc5 41. Bxc5 b6 42. Bb4 Qf6 43. Bc3 Qxd4 44. Bxd4 Re1 45. c5 bxc5 46. Bxc5 Rh1 47. Bxa7 Rxh2 48. Bb5 Rxd2 49. Kc3 h2 50. Bc6 Rd8 51. Kb4 Rc8 52. Bg2 Rc1 53. a5 Rb1+ 54. Kc5 Rg1 55. Bd5 Rxg3 56. Bh1 Rf3 57. Bb8 Rf1 58. Bg2 g3 59. Kc6 Rf2 60. Bh1 g2 61. Bxg2 Rxg2 62. a6 h1=Q 63. a7 Rd2+ 64. Kc7 Qc1+ 65. Kb7 Rb2+ 66. Ka8 Qc6# 0-1